 Dungeon Crawl Stone Soup version bcrawl-1.28 (webtiles) character file.

Game seed: 7672716230582044725

108438 Baz the Skirmisher (level 4, -8/31 HPs)
             Began as an Octopode Chaos Knight on Nov 25, 2020.
             Was a Plaything of Xom.
             Killed from afar by an orc wizard (10 damage)
             ... with a magic dart
             ... on level 3 of the Dungeon.
             The game lasted 00:03:51 (2487 turns).

Baz the Skirmisher (Octopode Chaos Knight)          Turns: 2487, Time: 00:03:51

Health: -8/31      AC:  1    Str: 11    XL:     4   Next: 54%
Magic:  4/4        EV: 14    Int: 21    God:    Xom [.....*]
Gold:   141        SH:  0    Dex: 11    Spells: 3/3 levels left

rFire    . . .     SeeInvis +     - Tentacles (7.2)
rCold    . . .     Gourm    .   (no shield)
rNeg     . . .     Faith    .   (helmet restricted)
rPois    .         Spirit   .   (cloak restricted)
rElec    .         Reflect  .   (no amulet)
rCorr    +         Harm     .   h - ring of resist corrosion
MR       .....                  l - ring of see invisible
Stlth    ++........             m - +6 ring of intelligence
HPRegen  0.10/turn              n - ring of flight
MPRegen  0.09/turn              (no ring)
                                (no ring)
                                (no ring)
                                (no ring)

@: confused
A: almost no armour, stealthy swim, amphibious, 8 rings, constrict 8, camouflage
1, gelatinous body 1
a: Renounce Religion, Evoke Flight


You were on level 3 of the Dungeon.
You worshipped Xom.
You were Xom's teddy bear.
You were hungry.

You visited 1 branch of the dungeon, and saw 3 of its levels.

You collected 141 gold pieces.

Inventory:

Missiles
 f - 437 stones (quivered)
Jewellery
 h - a ring of resist corrosion (left tentacle)
 l - a ring of see invisible (right tentacle)
 m - a +6 ring of intelligence (on tentacle)
 n - a ring of flight (on tentacle)
Scrolls
 a - 2 scrolls of teleportation
 c - a scroll of immolation {unknown}
 g - a scroll of amnesia {unknown}
 i - 2 scrolls of blinking {unknown}
 k - 3 scrolls of identify
Potions
 b - a potion of resistance {unknown}
 d - 7 potions of curing {unknown}
 j - 3 potions of flight {unknown}
Comestibles
 e - 2 rations {!d}
 o - 2 chunks of flesh


   Skills:
 + Level 3.5 Fighting
 + Level 3.0 Dodging
 * Level 3.3 Stealth
 + Level 3.5 Unarmed Combat


You had 3 spell levels left.
You didn't know any spells.
Your spell library was empty.

Dungeon Overview and Level Annotations

Branches:
Dungeon (3/12)

Altars:
Kikubaaqudgha
Xom

Annotations:
D:3 Robin


Innate Abilities, Weirdness & Mutations

You cannot wear most types of armour.
You are very stealthy in the water. (Stealth+)
You are amphibious.
You can wear up to eight rings at the same time.
You can use your tentacles to constrict eight enemies at once.
Your skin changes colour to match your surroundings (Stealth+).
Your rubbery body absorbs attacks. (AC +1, EV +1)


Message History

The goblin hits your quasit but does no damage.
You closely miss the orc wizard.
The orc wizard is heavily wounded. "Forecast: mostly cloudy."
The orc wizard hits you with a +0 dagger.
* * * LOW HITPOINT WARNING * * *
No path to travel!
You tentacle-slap the jackal.
The jackal is almost dead.
The orc wizard points at you and mumbles some strange words.
The puff of flame hits you.
* * * LOW HITPOINT WARNING * * *
The jackal bites you.
* * * LOW HITPOINT WARNING * * *
No path to travel!
The jackal bites you but does no damage.
The jackal closely misses you.
The orc wizard gestures at you while chanting.
The magic dart hits you!
You die...

.. ####.# ....# #...###
### ...... ...
#.#..####S##.$
#.##§h#§......
######.#§@h§S#..#######
#....%÷.§#§####gg....$.h
#...##.#####§oh)o5h.......
. #. #####hgg....... h.
#.gg......... $.h
#?.gw........ ....
#...g........ #..bg
#.....g...[.. #....
##...........


You could see an orc wizard (invisible) and 2 jackals.

Vanquished Creatures
  An adder (D:3)
  A shadow imp (D:2)
  An ooze (D:2)
  4 worms (D:2)
  A dart slug (D:2)
  3 leopard geckos
  A giant cockroach (D:3)
  A goblin (D:1)
  7 hobgoblins
  4 jackals
  9 kobolds
  3 quokkas
  A ball python (D:1)
  8 bats
  2 frilled lizards (D:1)
  3 rats
50 creatures vanquished.

Vanquished Creatures (collateral kills)
  A jackal (D:3)
1 creature vanquished.

Grand Total: 51 creatures vanquished

Notes
Turn   | Place    | Note
-------+----------+-------------------------------------------
     0 | D:1      | Baz the Octopode Chaos Knight began the quest for the Orb.
     0 | D:1      | Reached XP level 1. HP: 16/16 MP: 1/1
   208 | D:1      | Reached skill level 1 in Stealth
   208 | D:1      | Reached XP level 2. HP: 21/21 MP: 2/2
   841 | D:1      | XOM: cloud trail
  1038 | D:2      | Reached XP level 3. HP: 26/26 MP: 3/3
  1065 | D:2      | XOM: medium Tmut miscast
  1321 | D:2      | Found a shimmering altar of Xom.
  1365 | D:2      | XOM: divination: detect items
  1439 | D:2      | XOM: 4-stop teleportation journey
  1628 | D:2      | Reached XP level 4. HP: 28/31 MP: 4/4
  1816 | D:2      | XOM: medium Pois miscast
  1879 | D:2      | Found an ancient bone altar of Kikubaaqudgha.
  1950 | D:2      | XOM: scenery: 1 doors open
  2137 | D:3      | Noticed Robin
  2334 | D:3      | XOM is BORED!
  2334 | D:3      | XOM: medium Conj miscast
  2472 | D:3      | XOM: summons friendly quasit
  2485 | D:3      | XOM: fog
  2487 | D:3      | Killed from afar by an orc wizard

Skill      XL: |  1  2  3  4 |
---------------+-------------+-----
Stealth        | 1 2 3 |  3.3
Dodging        | 3 |  3.0
Fighting       | |  3.5
Unarmed Combat | |  3.5

Action                   |  1- 3 |  4- 6 || total
-------------------------+-------+-------++-------
Melee: Unarmed           |    88 |    41 ||   129
       Tentacles         |    20 |     7 ||    27
       Constrict         |    21 |     7 ||    28
       Punch             |     1 |     1 ||     2
 Stab: Sleeping          |     9 |     4 ||    13
  Eat: Chunk             |     4 |     3 ||     7
Armor: Skin              |     7 |     3 ||    10
Dodge: Dodged            |    58 |    37 ||    95
